 Dungeon Crawl Stone Soup version 0.31.0-12-g77e489cdc1 (webtiles) character file.

Game seed: 6804981527653237861

21 Gadfly the Apothecary (level 2, 0/16 HPs)
             Began as a Deep Elf Alchemist on Feb 22, 2024.
             Constricted to death by a ball python (1 damage)
             ... on level 2 of the Dungeon.
             The game lasted 00:00:49 (746 turns).

Gadfly the Apothecary (Deep Elf Alchemist)           Turns: 746, Time: 00:00:50

Health: 0/16       AC:  2    Str:  5    XL:     2   Next: 65%
Magic:  1/8        EV: 10    Int: 19    God:
Gold:   52         SH:  0    Dex: 15    Spells: 4/7 levels left

rFire   . . .        (no weapon)
rCold   . . .        (no shield)
rNeg    . . .        a - +0 robe
rPois   .            (no helmet)
rElec   .            (no cloak)
rCorr   .            (no gloves)
SInv    .            (no boots)
Will    .....        (no amulet)
Stlth   ++           (no ring)
HPRegen 0.22/turn    (no ring)
MPRegen 0.11/turn

%: no passive effects
@: very slightly contaminated, constricted
A: no striking features
a: no special abilities


You were on level 2 of the Dungeon.
You visited 1 branch of the dungeon, and saw 2 of its levels.

You collected 52 gold pieces.

Inventory:

Armour
 a - a +0 robe (worn)
Potions
 b - a potion of magic
 c - a potion of might {unknown}
 d - a potion of mutation {unknown}
 f - a potion of heal wounds


   Skills:
 + Level 0.4 Fighting
 + Level 2.9 Dodging
 - Level 2.4 Stealth
 + Level 3.1 Spellcasting
 + Level 1.4 Conjurations
 + Level 0.5 Fire Magic
 + Level 3.4 Alchemy
 + Level 0.6 Evocations


You had 4 spell levels left.
You knew the following spells:

 Your Spells              Type           Power      Damage    Failure   Level
a - Sting                 Conj/Alch      48%        1d6       5%          1
b - Mercury Vapours       Alch/Air       18%        N/A       11%         2

Your spell library contained the following spells:

 Spells                   Type           Power      Damage    Failure   Level
 Mephitic Cloud           Conj/Alch/Air  9%         N/A       22%         3
 Olgreb's Toxic Radiance  Alch           16%        N/A       34%         4
 Sticky Flame             Fire/Alch      10%        2d5       54%         4


Dungeon Overview and Level Annotations

Branches:
Dungeon (2/15)

Altars:


Message History

The sting hits the kobold.
The kobold is poisoned.
You kill the kobold!
The bat misses you.
The sting misses the bat.
The bat hits you. The bat misses you.
The sting hits the bat.
The bat is poisoned.
The bat is severely wounded.
You kill the bat!
The sting hits the adder.
The adder is poisoned.
The adder is moderately wounded.
You miscast Sting.
You are very lightly contaminated with residual magic.
Nothing appears to happen.
The adder bites you.
You are poisoned.
The adder poisons you! The adder barely misses you.
The sting hits the adder.
The adder looks even sicker.
You kill the adder!
You feel sick. The ball python bites you. The ball python grabs you.
The ball python constricts you.
The sting misses the ball python.
You feel sick. The ball python bites you. The ball python constricts you.
You are too injured to fight recklessly!
You are too injured to fight recklessly!
You are too injured to fight recklessly!
Casting: Sting (safe; 5% risk of failure)
Confirm with . or Enter, or press ? or * to list all spells.
You don't have enough magic to cast this spell.
Unknown command.
You escape the ball python's grasp.
You feel sick.
The ball python attacks as it pursues you!
The ball python bites you.
* * * LOW HITPOINT WARNING * * *
The ball python closely misses you.
There is a stone staircase leading up here.
You feel sick.
You are no longer poisoned.
The ball python bites you.
* * * LOW HITPOINT WARNING * * *
The ball python grabs you.
You stop ascending the stairs.
The ball python constricts you.
You die...

##. ..###
##..###.....
#........[#
##...$.....##
#....#####...
##.##.....##..
##..#.)#.<..#..
#...#.^?....#
#...#.@S_.#....
#...#.......# .
#...#..#.<..#..
#...##.....##.#
#......#####...
####......S....
###......###
... ...


You could see an adder and a ball python.

Vanquished Creatures
  An adder (D:2)
  A bat (D:2)
  4 endoplasms (D:1)
  A goblin (D:1)
  A hobgoblin (D:1)
  A kobold (D:2)
  A rat (D:1)
10 creatures vanquished.

Notes
Turn   | Place    | Note
-------+----------+-------------------------------------------
     0 | D:1      | Gadfly the Deep Elf Alchemist began the quest for the Orb.
     0 | D:1      | Reached XP level 1. HP: 10/10 MP: 6/6
   534 | D:1      | Reached XP level 2. HP: 15/15 MP: 4/8
   709 | D:1      | Learned a level 2 spell: Mercury Vapours
   733 | D:2      | Found a faded altar of an unknown god.
   746 | D:2      | Constricted to death by a ball python

Illustrated notes

Levels and vault maps discovered:
D:1:      dpeg_arrival_concentric_ovals, layout_basic
D:2:      layout_rooms, nicolae_ecumenical_pavilion

Action                     || total
---------------------------++-------
  Melee: Unarmed           ||     3
   Cast: Sting             ||    25
    Use: Scroll            ||     1
 Armour: Robe              ||    10
  Dodge: Dodged            ||     8
